 Dungeon Crawl Stone Soup version 0.17-a0-1078-g243345b (webtiles) character file.

399 Fluffy the Skirmisher (level 6, 0/57 HPs)
             Began as a Hill Orc Fighter on May 19, 2015.
             Slain by a troll (4 damage)
             ... on level 4 of the Dungeon.
             The game lasted 00:08:56 (2716 turns).

Fluffy the Skirmisher (Hill Orc Fighter)            Turns: 2716, Time: 00:08:56

Health: 0/57       AC: 13    Str: 19    XL:     6   Next: 84%
Magic:  6/6        EV:  7    Int:  8    God:
Gold:   152        SH:  9    Dex: 12    Spells: 0 memorised, 5 levels left

rFire  . . .     SeeInvis .     a - +0 war axe
rCold  . . .     Clarity  .     b - +0 scale mail
rNeg   . . .     SustAb   +     c - +0 shield
rPois  .         Gourm    .     (no helmet)
rElec  .         Spirit   .     q - +2 cloak
rCorr  .         Warding  .     n - +0 pair of gloves
rMut   .         Stasis   .     y - +0 pair of boots
MR     .....                    (no amulet)
Stlth  ..........               (no ring)
                                m - ring of sustain abilities

@: not resistant to hostile enchantments, extremely unstealthy
A: no striking features
a: no special abilities


You were on level 4 of the Dungeon.
You were not hungry.

You visited 1 branch of the dungeon, and saw 4 of its levels.

You collected 152 gold pieces.

Inventory:

Hand weapons
 a - a +0 war axe (weapon)
Armour
 b - a +0 scale mail (worn)
 c - a +0 shield (worn)
 n - a +0 pair of gloves (worn)
 q - a +2 cloak (worn)
 y - a +0 pair of boots (worn)
Jewellery
 m - a ring of sustain abilities (left hand)
Magical devices
 w - a wand of confusion (15)
Scrolls
 h - 2 scrolls of remove curse {unknown}
 j - 3 scrolls of amnesia {unknown}
 k - 2 scrolls of immolation {unknown}
 o - a scroll of teleportation {unknown}
 s - 3 scrolls of identify {unknown}
 t - a scroll of enchant weapon {unknown}
 u - a scroll of fear {unknown}
 v - a scroll of fog {unknown}
Potions
 d - 4 potions of might
 f - 2 potions of curing {unknown}
 g - 2 potions of magic {unknown}
 i - a potion of cancellation {unknown}
 p - a potion of mutation {unknown}
Books
 r - a book of Conjurations

   Spells                             Type                      Level
   a - Magic Dart                     Conjuration                  1
   b - Searing Ray                    Conjuration                  2
   c - Dazzling Spray                 Conjuration/Hexes            3
   d - Fulminant Prism                Conjuration/Hexes            4
   e - Iskenderun's Mystic Blast      Conjuration                  4
   f - Iskenderun's Battlesphere      Conjuration/Charms           5
Comestibles
 e - 2 bread rations
 l - 6 meat rations


   Skills:
 + Level 6.0 Fighting
 + Level 5.7 Axes
 + Level 5.3 Armour
 - Level 3.2 Shields


You had 5 spell levels left.
You didn't know any spells.

Dungeon Overview and Level Annotations

Branches:
Dungeon (4/15)
 Temple: D:4-7

Altars:
Makhleb

Annotations:
D:3 hornqvist's ghost, average FoFi
D:4 Natasha


Message History

You block the troll's attack. The troll claws you!
All of the chunks of flesh in your inventory have rotted away.
You hit the troll.
The troll is lightly wounded.
The troll bites you. The troll barely misses you. You block the troll's attack.
You closely miss the troll.
The troll is lightly wounded.
The troll bites you! The troll claws you!
* * * LOW HITPOINT WARNING * * *
You block the troll's attack.
You are too injured to fight recklessly!
You barely miss the troll.
The troll is lightly wounded.
The troll bites you.
* * * LOW HITPOINT WARNING * * *
The troll claws you!
* * * LOW HITPOINT WARNING * * *
The troll claws you but does no damage. You block the troll's attack.
The troll claws you.
You die...

##..
#.......#....####+###..
....
.#.......#......#.......
....
.'.......#......#.......
....
#.......#......#.......
....
#.......#......#.......
....
#.......#..............
....
#......†'..#######.....
....
#......†#..##...##.....
####
#.....@.#..#.....#...##
#
...%.##T###.......#...#.
.. .... #...
#.#.....#...+. .. ...
#....#.##...##...#.
#....#.###.###...#.
'....#...........#.
.################## #


You could see a troll.

Vanquished Creatures
  An ogre (D:4)
  Crazy Yiuf (D:3)
  Jessica (D:2)
  3 worker ants (D:4)
  An orc wizard (D:3)
  A hound skeleton (D:4)
  4 adders
  3 oozes
  3 giant geckos
  7 orcs
  5 goblins
  8 hobgoblins
  10 jackals
  11 kobolds
  3 quokkas
  2 ball pythons
  9 bats
  6 giant cockroaches
  4 giant newts
  11 rats
94 creatures vanquished.

Notes
Turn   | Place    | Note
--------------------------------------------------------------
     0 | D:1      | Fluffy the Hill Orc Fighter began the quest for the Orb.
     0 | D:1      | Reached XP level 1. HP: 19/19 MP: 1/1
    83 | D:1      | Reached XP level 2. HP: 20/27 MP: 2/2
    94 | D:1      | Reached skill level 4 in Fighting
   312 | D:1      | Reached XP level 3. HP: 24/33 MP: 3/3
   535 | D:2      | Found a burning altar of Makhleb.
   653 | D:2      | Noticed Jessica
   674 | D:2      | Killed Jessica
   674 | D:2      | Reached XP level 4. HP: 37/41 MP: 4/4
  1225 | D:3      | Noticed hornqvist's ghost (average FoFi)
  1352 | D:3      | Reached XP level 5. HP: 47/47 MP: 5/5
  1354 | D:3      | Reached skill level 5 in Fighting
  1515 | D:3      | You fall through a shaft!
  1519 | D:4      | Noticed Natasha
  1681 | D:3      | Noticed Crazy Yiuf
  1700 | D:3      | Killed Crazy Yiuf
  1889 | D:4      | Noticed an ogre
  1896 | D:4      | Killed an ogre
  1896 | D:4      | Reached skill level 5 in Axes
  1896 | D:4      | Reached skill level 5 in Armour
  1896 | D:4      | Reached XP level 6. HP: 37/57 MP: 6/6
  2145 | D:4      | HP: 2/57 [poisoned by a worker ant]
  2152 | D:4      | HP: 2/57 [poisoned by a worker ant]
  2160 | D:4      | HP: 1/57 [poisoned by a worker ant]
  2702 | D:4      | Reached skill level 6 in Fighting
  2708 | D:4      | Noticed a troll
  2716 | D:4      | Slain by a troll

Vault maps used:
D:1:      minmay_arrival_hallway, kennysheep_crisscross
D:2:      overflow_temple_1_default, kennysheep_donut, uniq_jessica
D:3:      uniq_crazy_yiuf_cottage
D:4:      lemuel_round_altar, first_bread, minmay_misc_feat_enclosed,
          cheibriados_altar_1, uniq_natasha

Action                   |  1- 3 |  4- 6 || total
-------------------------+-------+-------++-------
Melee: War axe           |   113 |   178 ||   291
  Eat: Chunk             |       |     6 ||     6
